 Dungeon Crawl Stone Soup version 0.20.1-1-g8b1a95d (webtiles) character file.

60 Linguinho the Vexing (level 3, -3/24 HPs)
             Began as a Demonspawn Enchanter on Oct 31, 2017.
             Slain by a gnoll zombie (4 damage)
             ... on level 2 of the Dungeon.
             The game lasted 00:04:08 (2463 turns).

Linguinho the Vexing (Demonspawn Enchanter)         Turns: 2463, Time: 00:04:09

Health: -3/24      AC:  3    Str:  8    XL:     3   Next: 82%
Magic:  6/6        EV: 12    Int: 16    God:
Gold:   94         SH:  0    Dex: 14    Spells: 4/7 levels left

rFire    . . .     SeeInvis .   o - +2 dagger (drain)
rCold    . . .     Gourm    .   (no shield)
rNeg     . . .     Faith    .   l - +0 robe (curse)
rPois    .         Spirit   .   (helmet restricted)
rElec    .         Reflect  .   (no cloak)
rCorr    .         Harm     .   (no gloves)
MR       .....                  f - +0 pair of boots
Stlth    ++........             (no amulet)
Regen    0.1/turn               (no ring)
MPRegen  0.1/turn               (no ring)

@: no status effects
A: antennae 1
a: no special abilities


You were on level 2 of the Dungeon.
You were not hungry.

You visited 1 branch of the dungeon, and saw 2 of its levels.

You collected 94 gold pieces.

Inventory:

Hand Weapons
 a - a +1 dagger
 o - a +2 dagger of draining (weapon)
Armour
 b - a +0 robe
 f - a +0 pair of boots (worn)
 l - a cursed +0 robe (worn)
Scrolls
 e - a scroll of identify
 k - 2 scrolls of fog
 m - a scroll of remove curse {unknown}
 p - a scroll of noise {unknown}
 s - a scroll of enchant armour {unknown}
Potions
 g - 3 potions of heal wounds {unknown}
 h - a potion of berserk rage {unknown}
 j - a potion of lignification {unknown}
 q - a potion of mutation {unknown}
 r - a potion of haste {unknown}
Books
 c - a book of Maledictions

   Spells                             Type                      Level
   a - Corona                         Hexes                        1
   b - Ensorcelled Hibernation        Hexes/Ice                    2
   c - Confuse                        Hexes                        3
   d - Tukima's Dance                 Hexes                        3
   e - Dazzling Spray                 Conjuration/Hexes            3
Comestibles
 d - 3 bread rations
 i - 5 fruits
 n - a meat ration
 t - a chunk of flesh


   Skills:
 + Level 0.2 Fighting
 + Level 1.3 Short Blades
 + Level 2.0 Dodging
 + Level 3.1 Stealth
 + Level 2.5 Spellcasting
 + Level 3.6 Hexes


You had 4 spell levels left.
You knew the following spells:

 Your Spells              Type           Power        Failure   Level  Hunger
a - Corona                Hex            ##.....      4%          1    #......
b - Ensorcelled Hibernat  Hex/Ice        #.....       14%         2    ##.....


Dungeon Overview and Level Annotations

Branches:
Dungeon (2/15)

Altars:


Innate Abilities, Weirdness & Mutations

You have a pair of small antennae on your head.


Message History

The gnoll zombie is almost destroyed.
You hit the gnoll zombie.
You destroy the gnoll zombie!
You hit the gnoll zombie.
The gnoll zombie is lightly damaged.
The gnoll zombie closely misses you.
You hit the gnoll zombie.
The gnoll zombie is heavily damaged.
The gnoll zombie hits you.
* * * LOW HITPOINT WARNING * * *
You hit the gnoll zombie.
The gnoll zombie is heavily damaged.
You hit the gnoll zombie.
The gnoll zombie is almost destroyed.
The gnoll zombie hits you.
* * * LOW HITPOINT WARNING * * *
You hit the gnoll zombie.
The gnoll zombie is almost destroyed.
The gnoll zombie hits you.
You die...

####### #.....#
###.###.# ......#.#
### ..#.#.#.#####.#
..............#
#########
#####.#######.#
#........ #>#
#.####........ #.#
#...@Z........ #.##
#.####........ #..#
#.# #........ ##.#
#.# ######### #.# #.#
#.# #.# #.# #.#
######.######.#######
....................#


You could see a gnoll zombie.

Vanquished Creatures
  An adder (D:1)
  A dart slug (D:2)
  A leopard gecko (D:2)
  4 bats
  5 giant cockroaches
  A gnoll zombie (D:2)
  6 goblins
  3 hobgoblins
  6 jackals
  7 kobolds
  2 frilled lizards
  6 rats
43 creatures vanquished.

Notes
Turn   | Place    | Note
-------+----------+-------------------------------------------
     0 | D:1      | Linguinho the Demonspawn Enchanter began the quest for the Orb.
     0 | D:1      | Reached XP level 1. HP: 13/13 MP: 3/3
   390 | D:1      | Gained mutation: You have a pair of small antennae on your head. [demonic ancestry]
   390 | D:1      | Reached XP level 2. HP: 14/19 MP: 1/5
   416 | D:1      | Reached skill level 1 in Short Blades
  1381 | D:1      | Learned a level 2 spell: Ensorcelled Hibernation
  1494 | D:1      | Reached XP level 3. HP: 24/24 MP: 6/6
  2462 | D:2      | HP: 1/24 [gnoll zombie (4)]
  2463 | D:2      | Slain by a gnoll zombie

Skill      XL: |  1  2  3 |
---------------+----------+-----
Short Blades   | 1 |  1.3
Dodging        | 2 |  2.0
Stealth        | 3 |  3.1
Fighting       | |  0.2
Spellcasting   | |  2.5
Hexes          | |  3.6

Action                   || total
-------------------------++-------
Melee: Dagger            ||   166
 Cast: Corona            ||    25
       Ensorcelled Hiber ||     9
  Use: Scroll            ||     2
 Stab: Sleeping          ||    12
  Eat: Chunk             ||     6
Armor: Robe              ||    42
Dodge: Dodged            ||   105
